 Dungeon Crawl Stone Soup version 0.27.1-34-g3ba077fa99 (webtiles) character file.

Game seed: 1757007928564076290

762 cbfl8 the Chopper (level 7, -4/60 HPs)
             Began as a Minotaur Fighter on Jan 24, 2022.
             Slain by an orc warrior (17 damage)
             ... on level 6 of the Dungeon.
             The game lasted 00:10:23 (4724 turns).

cbfl8 the Chopper (Minotaur Fighter)                Turns: 4724, Time: 00:10:24

Health: -4/60      AC:  8    Str: 23    XL:     7   Next: 51%
Magic:  6/6        EV:  8    Int:  5    God:
Gold:   253        SH: 10    Dex:  9    Spells: 6/6 levels left

rFire    . . .     SeeInvis .   o - +0 hand axe (elec)
rCold    . . .     Faith    .   c - +0 kite shield
rNeg     . . .     Spirit   .   b - +0 scale mail
rPois    .         Reflect  .   (helmet restricted)
rElec    .         Harm     .   (no cloak)
rCorr    .         Rampage  .   (no gloves)
Will     .....                  C - +0 pair of boots
Stlth    ..........             m - amulet of the acrobat
HPRegen  0.20/turn              (no ring)
MPRegen  0.10/turn              (no ring)

@: no status effects
A: horns 2, retaliatory headbutt
a: no special abilities


You were on level 6 of the Dungeon.
You visited 1 branch of the dungeon, and saw 6 of its levels.

You collected 253 gold pieces.

Inventory:

Hand Weapons
 a - a +0 war axe
 o - a +0 hand axe of electrocution (weapon)
Missiles
 k - 150 stones (quivered)
 n - 65 arrows
 w - 25 sling bullets
Armour
 b - a +0 scale mail (worn)
 c - a +0 kite shield (worn)
 B - a +0 buckler
 C - a +0 pair of boots (worn)
Jewellery
 m - an amulet of the acrobat (around neck)
Wands
 x - a wand of digging (4)
Scrolls
 f - 2 scrolls of amnesia {unknown}
 g - 4 scrolls of identify {unknown}
 h - 2 scrolls of blinking {unknown}
 i - 2 scrolls of magic mapping {unknown}
 p - a scroll of enchant armour {unknown}
 r - 2 scrolls of summoning {unknown}
 s - a scroll of silence {unknown}
 t - 2 scrolls of teleportation {unknown}
 v - a scroll of immolation {unknown}
 y - a scroll of fog {unknown}
Potions
 d - 2 potions of might
 e - 2 potions of attraction {unknown}
 j - 3 potions of heal wounds {unknown}
 l - a potion of haste {unknown}
 q - a potion of invisibility {unknown}
 u - a potion of cancellation {unknown}
 z - a potion of ambrosia {unknown}
 A - 2 potions of curing {unknown}
 D - a potion of mutation {unknown}


   Skills:
 + Level 4.8 Fighting
 + Level 6.5 Axes
 + Level 6.0 Armour
 + Level 1.9 Dodging
 + Level 0.9 Stealth
 + Level 5.8 Shields


You had 6 spell levels left.
You didn't know any spells.
Your spell library contained the following spells:

 Spells                   Type           Power      Damage    Failure   Level
 Beastly Appendage        Tmut           0%         N/A       99%         1
 Corona                   Hex            0%         N/A       99%         1
 Magic Dart               Conj           0%         1d3       99%         1
 Ensorcelled Hibernation  Hex/Ice        0%         N/A       99%         2
 Searing Ray              Conj           0%         3d3       99%         2
 Wereblood                Tmut           0%         N/A       99%         2
 Spider Form              Tmut/Pois      0%         N/A       100%        3
 Tukima's Dance           Hex            0%         N/A       100%        3
 Fulminant Prism          Conj/Hex       0%         3d6       100%        4
 Passage of Golubria      Tloc           N/A        N/A       100%        4
 Silence                  Hex/Air        0%         N/A       100%        5
 Shadow Creatures         Summ           N/A        N/A       100%        6
 Lehudib's Crystal Spear  Conj/Erth      0%         10d2      100%        8


Dungeon Overview and Level Annotations

Branches:
Dungeon (6/15)
 Temple: D:4-7

Altars:


Innate Abilities, Weirdness & Mutations

You have a pair of horns on your head.
You reflexively headbutt those who attack you in melee.


Message History

You hit the orc priest.
The orc priest is severely wounded.
The orc priest closely misses you.
You hit the orc priest. Your headbutt misses the orc priest.
The orc priest is almost dead.
The orc priest barely misses you. You furiously retaliate!
You headbutt the orc priest, but do no damage.
You hit the orc priest but do no damage.
You headbutt the orc priest, but do no damage.
The orc priest is almost dead.
You hit the orc warrior but do no damage.
Lightning courses through the orc warrior!!
You block the orc warrior's attack.
The orc priest hits you with a +0 dagger.
You hit the orc warrior.
The orc warrior is almost dead.
You hit the orc.
You hit the orc priest but do no damage.
Lightning courses through the orc priest!
You kill the orc priest!
The orc warrior hits you with a +0 war axe! x2
* * * LOW HITPOINT WARNING * * *
Your Armour skill increases to level 6!
You hit the orc warrior but do no damage.
Your headbutt misses the orc warrior.
The orc warrior is almost dead.
You completely miss the orc. You hit the orc.
You kill the orc!
The orc warrior hits you with a +0 war axe.
* * * LOW HITPOINT WARNING * * *
You closely miss the orc warrior. You headbutt the orc warrior.
The orc warrior is almost dead.
You hit the orc. x2; You block the orc's attack. x2
The orc warrior hits you but does no damage.
Unknown command.
You hit the orc warrior but do no damage.
The orc warrior is almost dead.
You barely miss the orc. You closely miss the orc.
You block the orc's attack. x2
The orc warrior hits you with a +0 war axe!
You die...

########
)....#.##
#....####
###.......# #
#....)@o..#
#.##.#..oo.#.#
#........)## #
####.###.#.......
#....# ###.#####.
#....# .# #...##
.. ##.## .. #.#
...


You could see an orc warrior and 2 orcs.

Vanquished Creatures
  A water moccasin (D:4)
  A bullfrog (D:6)
  A water moccasin skeleton (D:4)
  A centaur zombie (D:5)
  A jelly (D:5)
  An orc priest (D:6)
  3 hounds
  2 bullfrog skeletons (D:6)
  A centaur skeleton (D:6)
  An iguana (D:4)
  3 orc wizards
  A gnoll (D:1)
  5 adders
  A white imp (D:5)
  4 dart slugs
  13 orcs
  15 endoplasms
  7 giant cockroaches
  4 goblins
  7 hobgoblins
  3 quokkas (D:4)
  6 ball pythons
  8 bats
  8 frilled lizards
  8 kobolds
  11 rats
117 creatures vanquished.

Notes
Turn   | Place    | Note
-------+----------+-------------------------------------------
     0 | D:1      | cbfl8 the Minotaur Fighter began the quest for the Orb.
     0 | D:1      | Reached XP level 1. HP: 19/19 MP: 0/0
    64 | D:1      | Reached XP level 2. HP: 27/27 MP: 1/1
   424 | D:1      | Reached XP level 3. HP: 17/33 MP: 2/2
   612 | D:1      | Found a faded altar of an unknown god.
  1263 | D:2      | Reached XP level 4. HP: 40/40 MP: 3/3
  2847 | D:4      | Reached XP level 5. HP: 45/46 MP: 4/4
  2847 | D:4      | Noticed a water moccasin
  2857 | D:4      | Killed a water moccasin
  2858 | D:4      | Reached skill level 1 in Dodging
  2859 | D:4      | Reached skill level 5 in Armour
  2859 | D:4      | Reached skill level 5 in Shields
  2859 | D:4      | Reached XP level 6. HP: 26/53 MP: 5/5
  3428 | D:4      | Reached skill level 5 in Axes
  3880 | D:5      | Entered Level 5 of the Dungeon
  4288 | D:5      | Reached XP level 7. HP: 49/60 MP: 6/6
  4724 | D:6      | Slain by an orc warrior

Illustrated notes

Levels and vault maps discovered:
D:1:      minmay_arrival_five_plusses, layout_basic,
          ebering_ecumenical_altar_webs, serial_forest,
          infiniplex_forest_clump_curved, infiniplex_forest_end_2,
          infiniplex_forest_lined_room_, infiniplex_forest_straight_2,
          infiniplex_forest_clump_diagonal, infiniplex_forest_clump_tiny,
          infiniplex_forest_straight_2, infiniplex_forest_straight_5,
          infiniplex_forest_fountain, infiniplex_forest_lined_room_,
          minmay_lizard_pond
D:2:      layout_loops_ring, grunt_ministairs_15
D:3:      layout_loops_ring, hangedman_glass_teeth
D:4:      layout_cave_pools, kennysheep_crisscross
D:5:      layout_basic
D:6:      layout_loops_cross

Skill      XL: |  1  2  3  4  5  6  7 |
---------------+----------------------+-----
Armour         | 4 5 6 |  6.0
Shields        | 4 5 |  5.8
Fighting       | 4 |  4.8
Axes           | 3 4 6 |  6.5
Dodging        | 1 |  1.9
Stealth        | |  0.9

Action                   |  1- 3 |  4- 6 |  7- 9 || total
-------------------------+-------+-------+-------++-------
Melee: War axe           |    78 |    22 |       ||   100
       Headbutt          |    11 |    15 |     8 ||    34
       Hand axe          |       |   134 |    39 ||   173
Armor: Scale mail        |    46 |    61 |    14 ||   121
Dodge: Dodged            |    36 |    58 |    10 ||   104
Block: Kite shield       |    52 |   106 |    20 ||   178
